 Dungeon Crawl Stone Soup version 0.28-a0-706-gf6f64a616a (webtiles) character file.

Game seed: 8174834531192849817

265 marklar909 the Chopper (level 5, 0/44 HPs)
             Began as a Palentonga Fighter on Oct 25, 2021.
             Was an Initiate of Gozag.
             Killed from afar by an orc wizard (7 damage)
             ... with a puff of flame
             ... on level 4 of the Dungeon.
             The game lasted 00:02:17 (3160 turns).

marklar909 the Chopper (Palentonga Fighter)         Turns: 3160, Time: 00:02:17

Health: 0/44       AC:  6    Str: 25    XL:     5   Next: 99%
Magic:  5/5        EV:  8    Int:  8    God:    Gozag
Gold:   109        SH:  9    Dex: 11    Spells: 4/4 levels left

rFire   . . .      SeeInvis +   a - +0 war axe
rCold   . . .      Faith    .   c - +0 buckler
rNeg    . . .      Spirit   .   b - +0 scale mail
rPois   .          Reflect  +   (no helmet)
rElec   .          Harm     .   (no cloak)
rCorr   .          Rampage  .   (no gloves)
Will    .....                   (no barding)
Stlth   ..........              h - amulet of reflection
HPRegen 0.14/turn               f - +6 ring of strength
MPRegen 0.09/turn               (no ring)

@: gold aura
A: large, rugged brown scales 3, see invisible, deformed body, roll 1, armoured
tail
a: Rolling Charge, Renounce Religion, Potion Petition, Call Merchant, Bribe
Branch


You were on level 4 of the Dungeon.
You worshipped Gozag.
Gozag was aware of your devotion.
You visited 1 branch of the dungeon, and saw 4 of its levels.

You collected 128 gold pieces.
You paid 19 gold pieces to Gozag.

Inventory:

Hand Weapons
 a - a +0 war axe (weapon)
Armour
 b - a +0 scale mail (worn)
 c - a +0 buckler (worn)
Jewellery
 f - a +6 ring of strength (left hand)
 h - an amulet of reflection (around neck)
Scrolls
 d - a scroll of noise {unknown}
 e - 3 scrolls of identify
 i - 2 scrolls of enchant weapon {unknown}
 j - a scroll of vulnerability {unknown}
 l - a scroll of amnesia {unknown}
Potions
 g - a potion of resistance
 k - a potion of attraction {unknown}


   Skills:
 + Level 3.7 Fighting
 + Level 4.2 Axes
 + Level 3.6 Armour
 + Level 0.6 Dodging
 + Level 0.1 Stealth
 + Level 2.9 Shields


You had 4 spell levels left.
You didn't know any spells.
Your spell library contained the following spells:

 Spells                   Type           Power      Damage    Failure   Level
 Fulminant Prism          Conj/Hex       0%         3d6       100%        4
 Iskenderun's Mystic Bla  Conj/Tloc      0%         2d3       100%        4
 Lee's Rapid Deconstruct  Erth           0%         3d5*      100%        5


Dungeon Overview and Level Annotations

Branches:
Dungeon (4/15)
 Temple: D:4-7

Altars:
Gozag

Annotations:
D:3 Purgy


Innate Abilities, Weirdness & Mutations

You are completely covered in rugged brown scales. (AC +3, +7% HP)
You have supernaturally acute eyesight. (SInv)
Armour fits poorly on your strangely shaped body.
You can roll at nearby foes to attack.
You have a long armoured tail.


Message History

No target in view!
An orc wizard comes into view. It is wielding a +0 dagger.
The orc wizard casts a spell at you. The magic dart hits you.
An orc wizard is nearby!
An orc priest comes into view. It is wielding a +0 hand axe.
The orc priest shouts!
An orc wizard comes into view. It is wielding a +0 long sword.
The orc wizard shouts!
You slash the orc wizard!
You kill the orc wizard!
The orc priest invokes the aid of Beogh against you.
Beogh smites you!
Things that are here:
6 gold pieces; a +0 dagger; a +0 robe You closely miss the orc priest.
The orc priest invokes the aid of Beogh against you.
Pain shoots through your body!
An endoplasm comes into view.
You are too injured to fight recklessly!
You are too injured to fight recklessly!
You are too injured to fight recklessly!
Unknown command.
You closely miss the orc priest.
The endoplasm quivers.
You slash the orc wizard! The orc wizard barely misses you.
The orc priest calls down the wrath of Beogh upon you.
Pain shoots through your body!
* * * LOW HITPOINT WARNING * * *
The orc wizard hits you but does no damage.
Okay, then.
As you read the scroll labelled QIJIVI GIPOI, it crumbles to dust.
It is a scroll of identify.
g - a potion of resistance The orc priest hits you with a +0 hand axe.
* * * LOW HITPOINT WARNING * * *
The orc wizard points at you and mumbles some strange words.
The puff of flame hits you!
You die...
Your body crumbles into a pile of gold.

#...###...........#####
........###.##....#
..#####.# #.....### ..
#.###....### ..
#..#...<.J.# ..#
##...#.....# ...##
#).##.....# ....#
#...#...oo## ..#.#
##........@.#####
....###...#####.#$....##
.#.......## #.....#..#
..#################.##.#
.......................#
##.################....#
##.####### #########..)#
.......... ..........###
###.###### ###########


You could see an orc priest, an orc wizard and an endoplasm.

Vanquished Creatures
  3 orc priests (D:3)
  2 orc wizards
  6 adders
  A worm (D:3)
  3 dart slugs
  7 orcs
  2 bats (D:1)
  2 endoplasms
  3 giant cockroaches
  3 goblins
  7 hobgoblins
  4 jackals (D:4)
  A kobold (D:2)
  A quokka (D:2)
  11 ball pythons
  A frilled lizard (D:2)
  8 rats
65 creatures vanquished.

Notes
Turn   | Place    | Note
-------+----------+-------------------------------------------
     0 | D:1      | marklar909 the Palentonga Fighter began the quest for the
                  | Orb.
     0 | D:1      | Reached XP level 1. HP: 19/19 MP: 1/1
   323 | D:1      | Reached XP level 2. HP: 25/25 MP: 2/2
   982 | D:2      | Reached XP level 3. HP: 9/31 MP: 3/3
  1972 | D:3      | Reached skill level 3 in Axes
  1972 | D:3      | Reached XP level 4. HP: 37/37 MP: 4/4
  2073 | D:3      | Reached XP level 5. HP: 8/43 MP: 5/5
  2419 | D:3      | Found a faded altar of an unknown god.
  2802 | D:3      | Found an opulent altar of Gozag.
  2843 | D:3      | Became a worshipper of Gozag Ym Sagoz the Greedy
  2898 | D:3      | Noticed Purgy
  3050 | D:4      | Reached skill level 4 in Axes
  3160 | D:4      | Killed from afar by an orc wizard

Illustrated notes

Levels and vault maps discovered:
D:1:      tarquinn_simple_flora_water_b, layout_basic
D:2:      layout_loops_ring, grunt_ministairs_14, minmay_tromino_v4_b
D:3:      layout_loops_cross, grunt_gozag_statues,
          shapermc_ecumenical_altar_ellora, minmay_misc_feat_x, uniq_purgy
D:4:      layout_rooms, slow_altar_2, uniq_menkaure

Skill      XL: |  1  2  3  4  5 |
---------------+----------------+-----
Axes           | 3 4 |  4.2
Armour         | 3 |  3.6
Fighting       | |  3.7
Dodging        | |  0.6
Stealth        | |  0.1
Shields        | |  2.9

Action                   |  1- 3 |  4- 6 || total
-------------------------+-------+-------++-------
Melee: War axe           |    85 |    84 ||   169
       Tailslap          |    12 |    16 ||    28
 Abil: Rolling Charge    |       |     2 ||     2
  Use: Potion            |     1 |       ||     1
       Scroll            |       |     1 ||     1
Armor: Scale mail        |    38 |    32 ||    70
Dodge: Dodged            |    25 |    26 ||    51
Block: Buckler           |    11 |    38 ||    49

Table legend: (Time is in decaauts)
 A = Elapsed time spent in this place.
 B = Non-inter-level travel time spent in this place.
 C = Inter-level travel time spent in this place.
 D = Time resting spent in this place.
 E = Time spent auto-exploring this place.
 F = Levels seen in this place.
 G = Mean time per level.
                   A        B        C        D        E       F      G
               +--------+--------+--------+--------+--------+-----+--------+
         Total |   3220 |   3096 |    124 |    575 |   2080 |   4 |  805.0 |
       Dungeon |   3220 |   3096 |    124 |    575 |   2080 |   4 |  805.0 |
               +--------+--------+--------+--------+--------+-----+--------+

Top non-repeatable levels by time:
     D:2: 1451 daAuts
     D:1: 969 daAuts
     D:3: 663 daAuts
     D:4: 135 daAuts
